 Dungeon Crawl Stone Soup version 0.32-a0-898-g7811c86cf0 (webtiles) character file.

Game seed: 16424709360868892856

50 Fodor the Covered (level 3, -5/33 HPs)
             Began as a Minotaur Fighter on Apr 4, 2024.
             Incinerated by a bombardier beetle (9 damage)
             ... with a burning spray
             ... on level 3 of the Dungeon.
             The game lasted 00:05:14 (1331 turns).

Fodor the Covered (Minotaur Fighter)                Turns: 1331, Time: 00:05:14

Health: -5/33      AC:  7    Str: 20    XL:     3   Next: 55%
Magic:  2/2        EV:  8    Int:  5    God:
Gold:   124        SH:  4    Dex: 11    Spells: 2/2 levels left

rFire   . . .        w - +0 war axe
rCold   . . .        c - +0 buckler
rNeg    . . .        b - +0 scale mail
rPois   .            (helmet restricted)
rElec   .            (no cloak)
rCorr   .            (no gloves)
SInv    .            (no boots)
Will    .....        (no amulet) Stlth
                     (no ring)
HPRegen 0.25/turn    (no ring)
MPRegen 0.08/turn

%: no passive effects
@: on fire, glowing
A: horns 2, retaliatory headbutt
a: no special abilities


You were on level 3 of the Dungeon.
You visited 1 branch of the dungeon, and saw 3 of its levels.

You collected 124 gold pieces.

Inventory:

Hand Weapons
 p - a +2 sling of flaming
 w - a +0 war axe (weapon)
Armour
 b - a +0 scale mail (worn)
 c - a +0 buckler (worn)
 s - a scarf of shadows
Talismans
 h - a dragon-blood talisman
Scrolls
 a - a scroll of teleportation {unknown}
 e - 2 scrolls of fog {unknown}
 f - a scroll of amnesia {unknown}
 j - a scroll of brand weapon {unknown}
 k - a scroll of enchant armour {unknown}
 l - a scroll of identify {unknown}
 q - a scroll of fear {unknown}
Potions
 d - 3 potions of might
 g - a potion of haste {unknown}
 i - 2 potions of heal wounds {unknown}
 m - a potion of enlightenment {unknown}
 n - 3 potions of curing {unknown}
 o - a potion of magic {unknown}
 r - a potion of attraction {unknown}


   Skills:
 + Level 4.1 Fighting
 + Level 3.2 Axes
 + Level 0.7 Ranged Weapons
 + Level 4.1 Armour
 + Level 4.1 Shields


You had 2 spell levels left.
You didn't know any spells.
Your spell library was empty.

Dungeon Overview and Level Annotations

Branches:
Dungeon (3/15)

Altars:
Sif Muna


Innate Abilities, Weirdness & Mutations

You have a pair of horns on your head.
You reflexively headbutt those who attack you in melee.


Message History

The burning spray hits you.
You are covered in liquid fire!
You shake off some of the fire as you move.
The liquid fire burns you!
You shake off some of the fire as you move.
The liquid fire burns you!
You shake off the liquid fire.
Your +2 sling of flaming stops flaming.
w - a +0 war axe (weapon)
The bombardier beetle sprays incendiary fluid at you.
The burning spray hits you.
You are covered in liquid fire!
Okay, then.
Okay, then.
Found 2 poisoned darts.
You shake off some of the fire as you move.
The liquid fire burns you!
You hit the bombardier beetle but do no damage.
The bombardier beetle is lightly wounded.
The liquid fire burns you!
The bombardier beetle sprays incendiary fluid at you.
The burning spray hits you.
You are even more covered in liquid fire!
You closely miss the bombardier beetle.
The bombardier beetle is lightly wounded.
The liquid fire burns you!
The bombardier beetle bites you but does no damage.
You barely miss the bombardier beetle.
The bombardier beetle is lightly wounded.
The liquid fire burns you!
* * * LOW HITPOINT WARNING * * *
The bombardier beetle bites you but does no damage.
You closely miss the bombardier beetle.
The bombardier beetle is lightly wounded.
The liquid fire burns you!
* * * LOW HITPOINT WARNING * * *
You slash the bombardier beetle!
The bombardier beetle is severely wounded.
The liquid fire burns you!
You die...

.....(. .......
##### .......
#...# .......
#...# ^......
#...# .........
#...# ##B......#
#...###@........
#......>........
#.....#.........
#...#...........
#...##........<.
#...####........
#######..........
#............
#..............


You could see a bombardier beetle.

Vanquished Creatures
  An adder (D:2)
  A dart slug (D:1)
  A ribbon worm (D:2)
  4 ball pythons
  3 endoplasms
  2 giant cockroaches
  4 goblins
  5 hobgoblins
  2 quokkas
  A bat (D:1)
  2 frilled lizards
  5 kobolds
  3 rats (D:2)
34 creatures vanquished.

Notes
Turn   | Place    | Note
-------+----------+-------------------------------------------
     0 | D:1      | Fodor the Minotaur Fighter began the quest for the Orb.
     0 | D:1      | Reached XP level 1. HP: 19/19 MP: 0/0
   230 | D:1      | Reached XP level 2. HP: 23/27 MP: 1/1
   940 | D:2      | Reached XP level 3. HP: 28/33 MP: 2/2
  1035 | D:2      | Found a shimmering blue altar of Sif Muna.
  1331 | D:3      | Incinerated by a bombardier beetle

Illustrated notes

Levels and vault maps discovered:
D:1:      sevenhm_arrival_forest_fort_large_2, layout_basic,
          minmay_gold_behind_fungi
D:2:      layout_rooms, basic_altar, minmay_tetromino_t4
D:3:      layout_rooms, serial_shops, shop, grunt_ministairs_3

Skill      XL: |  1  2  3 |
---------------+----------+-----
Fighting       | 4 |  4.1
Shields        | 4 |  4.1
Armour         | 4 |  4.1
Axes           | 3 |  3.2
Ranged Weapons | |  0.7

Action                     || total
---------------------------++-------
  Melee: War axe           ||    46
         Headbutt          ||     5
   Fire: Sling             ||    33
 Armour: Scale mail        ||    43
  Dodge: Dodged            ||    26
  Block: Buckler           ||    10

Table legend: (Time is in decaauts)
 A = Elapsed time spent in this place.
 B = Non-inter-level travel time spent in this place.
 C = Inter-level travel time spent in this place.
 D = Time resting spent in this place.
 E = Time spent auto-exploring this place.
 F = Levels seen in this place.
 G = Mean time per level.
                   A        B        C        D        E       F      G
               +--------+--------+--------+--------+--------+-----+--------+
         Total |   1364 |   1347 |     17 |      0 |   1002 |   3 |  454.7 |
       Dungeon |   1364 |   1347 |     17 |      0 |   1002 |   3 |  454.7 |
               +--------+--------+--------+--------+--------+-----+--------+

Top non-repeatable levels by time:
     D:1: 856 daAuts
     D:2: 437 daAuts
     D:3: 70 daAuts
